 Dungeon Crawl Stone Soup version 0.22-a0-512-g0943f25 (webtiles) character file.

14972 wazuzu the Fighter (level 11, -4/121 HPs)
             Began as a Black Draconian Transmuter on June 18, 2018.
             Was an Elder of Makhleb.
             Slain by a five-headed hydra (9 damage)
             ... on level 1 of the Lair of Beasts.
             The game lasted 00:31:13 (10828 turns).

wazuzu the Fighter (Black Draconian Transmuter)    Turns: 10828, Time: 00:31:13

Health: -4/121     AC:  6    Str: 14    XL:     11   Next: 95%
Magic:  22/23      EV: 14    Int: 13    God:    Makhleb [****..]
Gold:   558        SH:  0    Dex: 14    Spells: 17/26 levels left

rFire    x . .     SeeInvis .     - Unarmed
rCold    + + +     Gourm    .   (shield currently unavailable)
rNeg     . . .     Faith    .   (armour unavailable)
rPois    +         Spirit   .   (helmet currently unavailable)
rElec    .         Reflect  .   (cloak currently unavailable)
rCorr    .         Harm     .   (gloves currently unavailable)
MR       +....                  (boots currently unavailable)
Stlth    +.........             v - amulet of regeneration
HPRegen  0.70/turn              z - ring of poison resistance
MPRegen  0.18/turn              r - ring of protection from magic

@: ice-form
A: large, (breathe lightning), unfitting armour, AC +7
a: End Transformation, Minor Destruction, Lesser Servant of Makhleb, Major
Destruction, Renounce Religion


You were on level 1 of the Lair of Beasts.
You worshipped Makhleb.
Makhleb was greatly pleased with you.
You were hungry.
You were a creature of crystalline ice.
You visited 3 branches of the dungeon, and saw 12 of its levels.
You also visited: Sewer.

You collected 756 gold pieces.
You spent 198 gold pieces at shops.

Inventory:

Hand Weapons
 t - the +8 short sword "Haph" (melded) {pierce, MR+}
   (You found it on level 4 of the Dungeon)

   It inflicts extra damage upon your enemies.
   It affects your resistance to hostile enchantments.
Missiles
 a - 203 arrows
 k - 228 stones (quivered)
 s - 5 throwing nets
Armour
 j - a +1 pair of gloves (melded)
 E - a +1 cloak of invisibility (melded)
Jewellery
 r - a ring of protection from magic (right front paw)
 v - an amulet of regeneration (around neck)
 y - an uncursed ring of ice
 z - a ring of poison resistance (left front paw)
 I - an uncursed ring of resist corrosion
 J - an uncursed ring of ice
Wands
 m - a wand of scattershot (3)
 w - a wand of enslavement (7)
 x - a wand of iceblast (5)
 A - a wand of polymorph (31)
Scrolls
 e - a scroll of enchant armour
 f - 4 scrolls of teleportation
 g - 3 scrolls of remove curse
 l - a scroll of magic mapping
 n - 3 scrolls of identify
 o - 2 scrolls of amnesia
 q - 2 scrolls of fear
 C - 3 scrolls of enchant weapon
Potions
 b - a potion of berserk rage
 d - 2 potions of curing
 h - 3 potions of lignification
 p - 3 potions of mutation
 u - a potion of agility {unknown}
 B - 2 potions of magic
 D - 2 potions of ambrosia
 F - a potion of might {unknown}
 H - a potion of brilliance {unknown}
Miscellaneous
 G - a phial of floods (inert)
Comestibles
 c - 24 rations
 i - 5 chunks of flesh


   Skills:
 + Level 10.4 Fighting
 + Level 7.6 Dodging
 + Level 8.8 Unarmed Combat
 - Level 8.0 Spellcasting
 - Level 8.0 Transmutations
 - Level 8.0 Ice Magic


You had 17 spell levels left.
You knew the following spells:

 Your Spells              Type           Power        Failure   Level  Hunger
a - Spider Form           Tmut/Pois      ###.......   8%          3    ##.....
c - Ice Form              Ice/Tmut       ####....     4%          4    ####...
s - Sticks to Snakes      Tmut           ####....     1%          2    None

Your spell library contained the following spells:

 Spells                   Type           Power        Failure   Level  Hunger
 Apportation              Tloc           #.....       14%         1    None
 Bolt of Magma            Conj/Fire/Erth #.........   98%         5    #####..
 Mephitic Cloud           Conj/Pois/Air  #.......     38%         3    ##.....
 Venom Bolt               Conj/Pois      #.........   98%         5    #####..
 Olgreb's Toxic Radiance  Pois           #.......     80%         4    ####...
 Sting                    Conj/Pois      #...         14%         1    None
 Stone Arrow              Conj/Erth      #.....       38%         3    ##.....
 Blade Hands              Tmut           ####......   14%         5    #####..
 Statue Form              Tmut/Erth      ###......    99%         6    #######
 Passwall                 Tmut/Erth      ###.....     4%          2    None
 Lee's Rapid Deconstruct  Erth           #.........   98%         5    #####..
 Sandblast                Erth           #.....       14%         1    None
 Petrify                  Tmut/Erth      ###.....     26%         4    ####...
 Beastly Appendage        Tmut           ####..       1%          1    None
 Gell's Gravitas          Tloc           #.........   38%         3    ##.....
 Lesser Beckoning         Tloc           #.........   38%         3    ##.....
 Poisonous Vapours        Pois/Air       #.....       21%         2    None


Dungeon Overview and Level Annotations

Branches:
Dungeon (10/15)            Temple (1/1) D:5            Lair (1/6) D:9
    Orc (0/2) D:9

Altars:
Ashenzari
Cheibriados
Dithmenos
Elyvilon
Fedhas
Gozag
Hepliaklqana
Kikubaaqudgha
Makhleb
Nemelex Xobeh
Okawaru
Qazlal
Ru
Sif Muna
Trog
Uskayaw
Vehumet
Wu Jian
Xom
Yredelemnul
Zin
The Shining One

Shops:
D:8 *   D:10 (=[


Innate Abilities, Weirdness & Mutations

((You can breathe wild blasts of lightning.))
((Your glossy black scales are hard. (AC +7)))
You cannot fit into any form of body armour.
((You are resistant to electric shocks. (rElec)))
((You are cold-blooded and may be slowed by cold attacks.))


Message History

Aiming: Iceblast
Press: ? - help, Shift-Dir - straight line, f/p - five-headed hydra
Aim: a five-headed hydra (heavily wounded)
The mass of ice explodes!
The iceblast engulfs the five-headed hydra.
The five-headed hydra is severely wounded.
You hit the five-headed hydra. You freeze the five-headed hydra.
The five-headed hydra is severely wounded.
The five-headed hydra bites you!
* * * LOW HITPOINT WARNING * * *
The five-headed hydra barely misses you.
The five-headed hydra bites you!
* * * LOW HITPOINT WARNING * * *
The five-headed hydra bites you but does no damage.
The five-headed hydra bites you.
* * * LOW HITPOINT WARNING * * *
You punch the five-headed hydra! You freeze the five-headed hydra.
The five-headed hydra is almost dead.
The five-headed hydra bites you!
You die...

.......... .........#
.........P #P.##...##
.........###P.##...#
####..... #...##...##
### #...##....# ..##
#...##...## ....
#........P#
.........##...##...##
..#P.....##...##Y..#
#.##......#...##D..#
#.##.....##.##.#...#
..........#.####...#
...................#
...................#
...................#
##.##..............#
#####..............#


You could see a five-headed hydra.

Vanquished Creatures
  A frost giant (D:10)
  Fannar (D:10)
  A hydra (Lair:1)
  A two-headed ogre (D:8)
  An unseen horror (D:10)
  Joseph (Lair:1)
  Maurice (D:8)
  3 spiny frogs (Lair:1)
  2 rime drakes (D:10)
  2 trolls
  A hornet (D:9)
  3 blink frogs (Lair:1)
  A hippogriff (D:8)
  2 wargs (D:9)
  4 hungry ghosts
  A water moccasin (Lair:1)
  2 porcupines (Lair:1)
  4 orc warriors
  5 ice beasts
  3 black bears
  6 ogres
  5 phantoms
  5 sky beasts
  6 centaurs
  Blork the orc (D:6)
  A crocodile (Lair:1)
  9 bullfrogs
  A wyvern zombie (D:8)
  A wyvern skeleton (D:10)
  6 scorpions
  A water moccasin skeleton (D:10)
  3 killer bees (D:10)
  2 howler monkeys (D:8)
  3 crimson imps
  4 orc priests (D:9)
  A bullfrog zombie (D:8)
  5 hounds
  A jelly (D:8)
  A bullfrog skeleton (D:6)
  A centaur skeleton (D:7)
  20 orc wizards
  4 iguanas
  A gnoll shaman (D:7)
  7 worker ants
  A hound zombie (D:6)
  A hound skeleton (D:4)
  A worker ant zombie (D:5)
  11 gnolls
  6 adders
  A shadow imp (D:5)
  2 oozes (D:3)
  4 adder skeletons
  4 worms
  A dart slug (D:1)
  8 leopard geckos
  26 orcs
  4 ball pythons
  11 giant cockroaches
  6 goblins
  6 hobgoblins
  8 jackals
  4 kobolds
  A quokka (D:4)
  5 bats
  8 frilled lizards
  9 rats
263 creatures vanquished.

Vanquished Creatures (others)
  A fungus (Lair:1)
1 creature vanquished.

Grand Total: 264 creatures vanquished

Notes
Turn   | Place    | Note
-------+----------+-------------------------------------------
     0 | D:1      | wazuzu the Draconian Transmuter began the quest for the Orb.
     0 | D:1      | Reached XP level 1. HP: 16/16 MP: 3/3
   404 | D:1      | Reached XP level 2. HP: 21/23 MP: 5/5
   438 | D:1      | Learned a level 2 spell: Sticks to Snakes
  1245 | D:2      | Reached XP level 3. HP: 23/29 MP: 4/6
  1604 | D:2      | Reached skill level 2 in Fighting
  2138 | D:3      | Learned a level 3 spell: Spider Form
  2300 | D:4      | Noticed an ogre
  2312 | D:4      | Killed an ogre
  2312 | D:4      | Reached XP level 4. HP: 37/37 MP: 3/7
  2312 | D:4      | Reached XP level 5. HP: 44/44 MP: 3/8
  2352 | D:4      | Noticed a phantom
  2381 | D:4      | Killed a phantom
  2381 | D:4      | Reached skill level 3 in Fighting
  2381 | D:4      | Reached skill level 5 in Unarmed Combat
  2444 | D:4      | Got an ivory short sword
  2445 | D:4      | Identified the +8 short sword "Haph" {pierce, MR+} (You found it on level 4 of the Dungeon)
  2490 | D:4      | Reached XP level 6. HP: 45/51 MP: 9/9
  2607 | D:4      | Found a sparkling altar of Nemelex Xobeh.
  2649 | D:4      | Reached skill level 4 in Fighting
  2677 | D:4      | Found a glowing drain.
  2686 | Sewer    | Entered a sewer
  2949 | Sewer    | Your scales start taking on a glossy black colour.
  2949 | Sewer    | Reached XP level 7. HP: 50/60 MP: 6/10
  2949 | Sewer    | Gained mutation: You are resistant to electric shocks. (rElec) [Black Draconian growth]
  2964 | Sewer    | Identified the Grimoire of Unstable Stones
  3545 | D:5      | Entered Level 5 of the Dungeon
  3554 | D:5      | Reached skill level 5 in Fighting
  3603 | D:5      | Reached skill level 5 in Transmutations
  4263 | D:4      | Reached skill level 8 in Fighting
  4263 | D:4      | Reached skill level 5 in Dodging
  4263 | D:4      | Reached skill level 5 in Spellcasting
  4263 | D:4      | Reached skill level 5 in Ice Magic
  4263 | D:4      | Reached XP level 8. HP: 75/75 MP: 11/16
  4356 | D:5      | Learned a level 4 spell: Ice Form
  4683 | D:5      | Reached XP level 9. HP: 82/82 MP: 18/18
  4700 | D:5      | Found a staircase to the Ecumenical Temple.
  4744 | Temple   | Entered the Ecumenical Temple
  4860 | Temple   | Became a worshipper of Makhleb the Destroyer
  5141 | D:6      | Found a glowing silver altar of Zin.
  5146 | D:6      | Found a stormy altar of Qazlal.
  5150 | D:6      | Found a glowing golden altar of the Shining One.
  5200 | D:6      | Noticed Blork the orc
  5221 | D:6      | Killed Blork the orc
  6316 | D:7      | Found a sacrificial altar of Ru.
  6526 | D:8      | Reached * piety under Makhleb
  6550 | D:8      | Noticed Maurice
  6576 | D:8      | Killed Maurice
  6614 | D:8      | Reached XP level 10. HP: 90/90 MP: 20/20
  7122 | D:8      | Found Qigol's Assorted Antiques.
  7130 | D:8      | Bought a scroll labeled ZOEGRI DILLO SOE for 21 gold pieces
  7130 | D:8      | Bought a glowing cloak for 157 gold pieces
  7357 | D:9      | Found a staircase to the Lair.
  7394 | D:9      | Reached ** piety under Makhleb
  7561 | D:9      | Noticed a two-headed ogre
  7611 | D:8      | Killed a two-headed ogre
  7893 | D:9      | Found a blossoming altar of Fedhas.
  8040 | D:9      | Paralysed by a hornet for 2 turns
  8437 | D:9      | Reached *** piety under Makhleb
  8445 | D:9      | Found a staircase to the Orcish Mines.
  8804 | D:10     | Entered Level 10 of the Dungeon
  9012 | D:10     | Reached XP level 11. HP: 95/95 MP: 19/23
  9183 | D:10     | Reached skill level 9 in Fighting
  9191 | D:10     | Noticed a frost giant
  9206 | D:10     | Killed a frost giant
  9268 | D:10     | Found Wonubic's Jewellery Shoppe.
  9282 | D:10     | Bought a cursed -2 ring of strength for 20 gold pieces
  9404 | D:10     | Noticed Fannar
  9425 | D:10     | Killed Fannar
  9605 | D:10     | Found Ydastrib's Antique Armour Emporium.
  9670 | D:10     | Found Futs's Weapon Boutique.
  9829 | D:10     | Killed an unseen horror
 10059 | Lair:1   | Entered Level 1 of the Lair of Beasts
 10141 | Lair:1   | Reached skill level 10 in Fighting
 10211 | Lair:1   | Noticed Joseph
 10219 | Lair:1   | Killed Joseph
 10507 | Lair:1   | Noticed a six-headed hydra
 10517 | Lair:1   | Killed a six-headed hydra
 10517 | Lair:1   | Reached **** piety under Makhleb
 10808 | Lair:1   | Noticed a five-headed hydra
 10827 | Lair:1   | HP: 5/121 [five-headed hydra (6)]
 10828 | Lair:1   | Slain by a five-headed hydra

Vault maps used:
D:1:      wheals_arrival_linesprint, corexii_hall_statues_l
D:2:      minivault_14
D:3:      mrwooster_statue_mirror
D:4:      nemelex_xobeh_ov_fountains_minmay, gup_sewer_entry_bowl
D:5:      minmay_temple_entry_overgrown, first_ration
D:6:      minmay_overflow_temple_star_quad, uniq_blork_the_orc
D:7:      nicolae_ru_sacrificial_ziggurat, grunt_ogre_cave
D:8:      serial_shops, shop, uniq_maurice
D:9:      minmay_flawed_box, erik_lair_orcish_takeover, minivault_24,
          fedhas_altar_1
D:10:     minmay_coctagon, serial_shops, kennysheep_mini_moat,
          nicolae_shop_temple_entry_statues_fountains, shop,
          serial_bayou_pond_a, uniq_fannar
Temple:   minmay_crystal_spiral_temple
Lair:1:   uniq_joseph
Sewer:    sewer_frog_island_01

Skill      XL: |  1  2  3  4  5  6  7  8  9 10 11 |
---------------+----------------------------------+-----
Fighting       | 2 3 4 8 10 | 10.4
Unarmed Combat | 4 5 6 8 |  8.8
Transmutations | 3 4 5 6 8 |  8.0
Dodging        | 5 7 |  7.6
Spellcasting   | 5 6 7 8 |  8.0
Ice Magic      | 5 7 8 |  8.0

Action                   |  1- 3 |  4- 6 |  7- 9 | 10-12 || total
-------------------------+-------+-------+-------+-------++-------
Melee: Unarmed           |   153 |    27 |   100 |   377 ||   657
       Headbutt          |    10 |       |       |       ||    10
       Tailslap          |    11 |     6 |    25 |    17 ||    59
       Punch             |     2 |     2 |     7 |     3 ||    14
       Kick              |     1 |       |       |       ||     1
       Short sword       |       |    77 |   206 |   109 ||   392
 Cast: Beastly Appendage |    13 |       |       |       ||    13
       Spider Form       |     1 |     2 |    10 |    16 ||    29
       Ice Form          |       |       |       |    18 ||    18
 Abil: Breathe Lightning |       |       |     1 |       ||     1
Evoke: Wand              |       |       |       |     5 ||     5
       Phial of floods   |       |       |       |     1 ||     1
  Use: Scroll            |       |       |    20 |     4 ||    24
       Potion            |       |       |     1 |     5 ||     6
 Stab: Sleeping          |     2 |       |     1 |       ||     3
  Eat: Chunk             |     5 |     2 |    13 |    22 ||    42
       Ration            |       |       |       |     1 ||     1
Armor: Skin              |    35 |    22 |    53 |   123 ||   233
Dodge: Dodged            |    90 |    86 |   212 |   429 ||   817

Table legend:
 A = Spawn XP
 B = Non-spawn XP
 C = Spawn XP percentage of total XP
 D = Spawn monster count
 E = Non-spawn monster count
 F = Spawn count percentage of total count
 G = Total turns spent on level
                    A         B        C        D         E        F      G
               +---------+---------+-------+---------+---------+-------+---------
         Total |       0 |   20311 |   0.0 |       0 |     263 |   0.0 | 10828
               +---------+---------+-------+---------+---------+-------+---------
           D:1 |       0 |      25 |   0.0 |       0 |      13 |   0.0 |  1046
           D:2 |       0 |      32 |   0.0 |       0 |      16 |   0.0 |   836
           D:3 |       0 |      29 |   0.0 |       0 |      11 |   0.0 |   409
           D:4 |       0 |     515 |   0.0 |       0 |      26 |   0.0 |  1087
           D:5 |       0 |     948 |   0.0 |       0 |      26 |   0.0 |   986
           D:6 |       0 |     965 |   0.0 |       0 |      19 |   0.0 |   638
           D:7 |       0 |    1005 |   0.0 |       0 |      18 |   0.0 |   849
           D:8 |       0 |    2840 |   0.0 |       0 |      23 |   0.0 |  1006
           D:9 |       0 |    3105 |   0.0 |       0 |      49 |   0.0 |  1379
          D:10 |       0 |    6393 |   0.0 |       0 |      28 |   0.0 |  1164
        Lair:1 |       0 |    4235 |   0.0 |       0 |      15 |   0.0 |   769
         Sewer |       0 |     219 |   0.0 |       0 |      19 |   0.0 |   488
               +---------+---------+-------+---------+---------+-------+---------
